TOP OF THE 1ST |
Arkansas Razorbacks batting - Pitching for Mississippi State Bulldogs : RHP Dave George
|
Pitching: RHP Dave George
|
|
Batting: SHB Curt Kemp
|
0-0: Ball 1-0: Ball 2-0: SINGLE (Line Drive, 3D)
|
Batting: RHB Peter Harris
|
0-0: Foul Ball, location: 2F 0-1: Foul Ball, location: 2F 0-2: Foul Ball, location: 2F 0-2: Grounds into double play, 4-6-3 (Groundball, 34)
|
Batting: RHB Stuart Mitchell
|
0-0: Called Strike 0-1: Ball 1-1: Ball 2-1: Ball 3-1: Swinging Strike 3-2: Base on Balls
|
Batting: LHB Juan Fernández
|
0-0: Ball 1-0: DOUBLE (Line Drive, 9LM) Stuart Mitchell to third
|
Batting: SHB Bryan Gray
|
0-0: Called Strike 0-1: Ball 1-1: Foul Ball, location: 2F 1-2: Strikes out swinging
|
Top of the 1st over - 0 runs, 2 hits, 0 errors, 2 left on base; Arkansas 0 - Mississippi State 0 |
BOTTOM OF THE 1ST |
Mississippi State Bulldogs batting - Pitching for Arkansas Razorbacks : RHP Luis Aponte
|
Pitching: RHP Luis Aponte
|
|
Batting: RHB Louis-Joseph Perrier
|
0-0: SINGLE (Line Drive, 4)
|
Batting: RHB Cory Douglas
|
0-0: Called Strike 0-1: Called Strike 0-2: Fly out, F7 (Flyball, 7D)
|
Batting: SHB Tom Stewart
|
0-0: Swinging Strike 0-1: Swinging Strike 0-2: Foul Ball, location: 2F 0-2: Ball 1-2: Strikes out swinging
|
Batting: SHB Jessie Teague
|
0-0: Ball 1-0: Ball 2-0: Swinging Strike 2-1: Ball 3-1: Swinging Strike 3-2: Base on Balls Louis-Joseph Perrier to second
|
Batting: RHB Jason Heddon
|
0-0: Ball 1-0: Swinging Strike 1-1: Fly out, F8 (Flyball, 8RD)
|
Bottom of the 1st over - 0 runs, 1 hit, 0 errors, 2 left on base; Arkansas 0 - Mississippi State 0 |
TOP OF THE 2ND |
Arkansas Razorbacks batting - Pitching for Mississippi State Bulldogs : RHP Dave George
|
Batting: RHB Craig Hicks
|
0-0: Ball 1-0: Foul Ball, location: 2F 1-1: Ball 2-1: Called Strike 2-2: Ball 3-2: Strikes out swinging
|
Batting: RHB Danny Walker
|
0-0: Fly out, F9 (Flyball, 9)
|
Batting: RHB Floyd Norman
|
0-0: Called Strike 0-1: Foul Ball, location: 2F 0-2: Ball 1-2: Foul Ball, location: 2F 1-2: Foul Ball, location: 2F 1-2: Foul Ball, location: 2F 1-2: Strikes out swinging
|
Top of the 2nd over - 0 runs, 0 hits, 0 errors, 0 left on base; Arkansas 0 - Mississippi State 0 |
BOTTOM OF THE 2ND |
Mississippi State Bulldogs batting - Pitching for Arkansas Razorbacks : RHP Luis Aponte
|
Batting: LHB Joey Clark
|
0-0: Called Strike 0-1: Ball 1-1: Swinging Strike 1-2: Fly out, F6 (Popup, 6D)
|
Batting: LHB Juan Branch
|
0-0: Foul Ball, location: 2F 0-1: SINGLE (Groundball, 34) (infield hit)
|
Batting: RHB Andrew Barker
|
0-0: Swinging Strike 0-1: Ball 1-1: Foul Ball, location: 2F 1-2: Foul Ball, location: 2F 1-2: Strikes out swinging
|
Batting: RHB Bryan Weber
|
0-0: Ball 1-0: Ball 2-0: Ball 3-0: Called Strike 3-1: Base on Balls Juan Branch to second
|
Batting: RHB Louis-Joseph Perrier
|
0-0: Ball 1-0: Foul Ball, location: 2F 1-1: Fly out, F8 (Flyball, 8LD)
|
Bottom of the 2nd over - 0 runs, 1 hit, 0 errors, 2 left on base; Arkansas 0 - Mississippi State 0 |
TOP OF THE 3RD |
Arkansas Razorbacks batting - Pitching for Mississippi State Bulldogs : RHP Dave George
|
Batting: RHB Luis Manuel Chacón
|
0-0: Called Strike 0-1: Foul Ball, location: 2F 0-2: Ball 1-2: Ground out 4-3 (Groundball, 34D)
|
Batting: SHB Curt Kemp
|
0-0: Swinging Strike 0-1: Ground out 5-3 (Groundball, 56S)
|
Batting: RHB Peter Harris
|
0-0: Called Strike 0-1: Foul Ball, location: 2F 0-2: Foul Ball, location: 2F 0-2: Foul Ball, location: 2F 0-2: Ground out 6-3 (Groundball, 6)
|
Top of the 3rd over - 0 runs, 0 hits, 0 errors, 0 left on base; Arkansas 0 - Mississippi State 0 |
BOTTOM OF THE 3RD |
Mississippi State Bulldogs batting - Pitching for Arkansas Razorbacks : RHP Luis Aponte
|
Batting: RHB Cory Douglas
|
0-0: Called Strike 0-1: Ball 1-1: Foul Ball, location: 2F 1-2: SINGLE (Flyball, 7S)
|
Batting: SHB Tom Stewart
|
0-0: Ball 1-0: Ball 2-0: Ball 3-0: Called Strike 3-1: Base on Balls Cory Douglas to second
|
Batting: SHB Jessie Teague
|
0-0: SINGLE (Groundball, 4MD) Cory Douglas to third Tom Stewart to second
|
Batting: RHB Jason Heddon
|
0-0: Ball 1-0: Called Strike 1-1: Foul Ball, location: 2F 1-2: Ball 2-2: Ball 3-2: Base on Balls Cory Douglas scores Tom Stewart to third Jessie Teague to second
|
Batting: LHB Joey Clark
|
0-0: Ball 1-0: Called Strike 1-1: Ball 2-1: Called Strike 2-2: Strikes out looking
|
Batting: LHB Juan Branch
|
0-0: Ball 1-0: Called Strike 1-1: Called Strike 1-2: Ball 2-2: Strikes out swinging
|
Pitching: RHP David Chapman
|
|
Batting: RHB Andrew Barker
|
0-0: Ball 1-0: Ball 2-0: Called Strike 2-1: Ball 3-1: Base on Balls Tom Stewart scores Jessie Teague to third Jason Heddon to second
|
Batting: RHB Bryan Weber
|
0-0: Ball 1-0: Ball 2-0: Ball 3-0: Base on Balls Jessie Teague scores Jason Heddon to third Andrew Barker to second
|
Batting: RHB Louis-Joseph Perrier
|
0-0: Ball 1-0: Ball 2-0: SINGLE (Flyball, 7LS) Jason Heddon scores Andrew Barker to third Bryan Weber to second Runner from 3rd tries for Home, SAFE, no throw
|
Batting: RHB Cory Douglas
|
0-0: SINGLE (Flyball, 7S) Bryan Weber to third Louis-Joseph Perrier to second Runner from 3rd tries for Home, SAFE, no throw
|
Batting: SHB Tom Stewart
|
0-0: Called Strike 0-1: Ball 1-1: Called Strike 1-2: 3-RUN HOME RUN (Flyball, 9D), Distance : 368 ft
|
Pitching: RHP Pablo Villarreal
|
|
Batting: SHB Jessie Teague
|
0-0: Ball 1-0: Ball 2-0: Called Strike 2-1: Foul Ball, location: 2F 2-2: Ball 3-2: Base on Balls
|
Batting: RHB Jason Heddon
|
0-0: Foul Ball, location: 2F 0-1: Foul Ball, location: 2F 0-2: Ball Wild Pitch! Jessie Teague to second 1-2: SINGLE (Groundball, 4MD) Jessie Teague to third Runner from 3rd tries for Home, SAFE, no throw
|
Batting: LHB Joey Clark
|
0-0: Foul Ball, location: 2F 0-1: Ball 1-1: Called Strike 1-2: Ball 2-2: Ball 3-2: Ground out 6-3 (Groundball, 56)
|
Bottom of the 3rd over - 10 runs, 6 hits, 0 errors, 1 left on base; Arkansas 0 - Mississippi State 10 |
TOP OF THE 4TH |
Arkansas Razorbacks batting - Pitching for Mississippi State Bulldogs : RHP Dave George
|
Batting: RHB Stuart Mitchell
|
0-0: Ball 1-0: Called Strike 1-1: Called Strike 1-2: Ball 2-2: Strikes out swinging
|
Batting: LHB Juan Fernández
|
0-0: Ball 1-0: Ball 2-0: Called Strike 2-1: Ground out 4-3 (Groundball, 34)
|
Batting: SHB Bryan Gray
|
0-0: Called Strike 0-1: Ball 1-1: SINGLE (Groundball, 2L) (infield hit)
|
Batting: RHB Craig Hicks
|
0-0: Called Strike 0-1: Ball 1-1: Ground out 6-3 (Groundball, 6S)
|
Top of the 4th over - 0 runs, 1 hit, 0 errors, 1 left on base; Arkansas 0 - Mississippi State 10 |
BOTTOM OF THE 4TH |
Mississippi State Bulldogs batting - Pitching for Arkansas Razorbacks : RHP Pablo Villarreal
|
Batting: LHB Juan Branch
|
0-0: Foul Ball, location: 2F 0-1: Ball 1-1: Called Strike 1-2: Fly out, F8 (Flyball, 8RS)
|
Batting: RHB Andrew Barker
|
0-0: DOUBLE (Flyball, 8LXD)
|
Batting: RHB Bryan Weber
|
0-0: Called Strike 0-1: Foul Ball, location: 2F 0-2: Strikes out swinging
|
Batting: RHB Louis-Joseph Perrier
|
0-0: Ball 1-0: Called Strike 1-1: Ball 2-1: Ball 3-1: Called Strike 3-2: Strikes out swinging
|
Bottom of the 4th over - 0 runs, 1 hit, 0 errors, 1 left on base; Arkansas 0 - Mississippi State 10 |
TOP OF THE 5TH |
Arkansas Razorbacks batting - Pitching for Mississippi State Bulldogs : RHP Dave George
|
Batting: RHB Danny Walker
|
0-0: Ball 1-0: Called Strike 1-1: Swinging Strike 1-2: Ball 2-2: Strikes out swinging
|
Batting: RHB Floyd Norman
|
0-0: Ball 1-0: Foul Ball, location: 2F 1-1: Ball 2-1: Called Strike 2-2: Ball 3-2: Foul Ball, location: 2F 3-2: Foul Ball, location: 2F 3-2: Fly out, F8 (Line Drive, 8LD)
|
Batting: RHB Luis Manuel Chacón
|
0-0: Ball 1-0: Ball 2-0: Foul Ball, location: 2F 2-1: Ground out 4-3 (Groundball, 4)
|
Top of the 5th over - 0 runs, 0 hits, 0 errors, 0 left on base; Arkansas 0 - Mississippi State 10 |
BOTTOM OF THE 5TH |
Mississippi State Bulldogs batting - Pitching for Arkansas Razorbacks : RHP Pablo Villarreal
|
Batting: RHB Cory Douglas
|
0-0: Called Strike 0-1: Foul Ball, location: 2F 0-2: SINGLE (Groundball, 6MD)
|
Batting: SHB Tom Stewart
|
0-0: Swinging Strike 0-1: Swinging Strike 0-2: Strikes out swinging
|
Batting: SHB Jessie Teague
|
0-0: Ball 1-0: Foul Ball, location: 2F 1-1: Fly out, F9 (Flyball, 89M)
|
Batting: RHB Jason Heddon
|
0-0: Ground out 5-3 (Groundball, 25)
|
Bottom of the 5th over - 0 runs, 1 hit, 0 errors, 1 left on base; Arkansas 0 - Mississippi State 10 |
TOP OF THE 6TH |
Arkansas Razorbacks batting - Pitching for Mississippi State Bulldogs : RHP Dave George
|
Batting: SHB Curt Kemp
|
0-0: Called Strike 0-1: Foul Ball, location: 2F 0-2: Strikes out swinging
|
Batting: RHB Peter Harris
|
0-0: Foul Ball, location: 2F 0-1: Ball 1-1: Foul Ball, location: 2F 1-2: Ball 2-2: Ball 3-2: Foul Ball, location: 2F 3-2: Foul Ball, location: 2F 3-2: DOUBLE (Line Drive, 5D)
|
Pitching: LHP Leonard Scott
|
|
Batting: RHB Stuart Mitchell
|
0-0: Swinging Strike 0-1: Ground out 6-3 (Groundball, 6MS) Peter Harris to third
|
Batting: LHB Juan Fernández
|
0-0: Called Strike 0-1: Ball 1-1: Ball 2-1: Foul Ball, location: 2F 2-2: Foul Ball, location: 2F 2-2: Strikes out swinging
|
Top of the 6th over - 0 runs, 1 hit, 0 errors, 1 left on base; Arkansas 0 - Mississippi State 10 |
BOTTOM OF THE 6TH |
Mississippi State Bulldogs batting - Pitching for Arkansas Razorbacks : RHP Pablo Villarreal
|
Batting: LHB Joey Clark
|
0-0: Called Strike 0-1: Ball 1-1: Foul Ball, location: 2F 1-2: Ball 2-2: Ground out 3-1 (Groundball, 23)
|
Batting: LHB Juan Branch
|
0-0: Fly out, F5 (Popup, 5F)
|
Batting: RHB Andrew Barker
|
0-0: Called Strike 0-1: Ground out 6-3 (Groundball, 6)
|
Bottom of the 6th over - 0 runs, 0 hits, 0 errors, 0 left on base; Arkansas 0 - Mississippi State 10 |
TOP OF THE 7TH |
Arkansas Razorbacks batting - Pitching for Mississippi State Bulldogs : LHP Leonard Scott
|
Batting: SHB Bryan Gray
|
0-0: Ball 1-0: Swinging Strike 1-1: SINGLE (Line Drive, 7S)
|
Batting: RHB Craig Hicks
|
0-0: Ball 1-0: Swinging Strike Bryan Gray is caught stealing 2nd base 1-1: Swinging Strike 1-2: Ball 2-2: Strikes out looking
|
Batting: RHB Danny Walker
|
0-0: Ball 1-0: Foul Ball, location: 2F 1-1: Ground out 6-3 (Groundball, 6)
|
Top of the 7th over - 0 runs, 1 hit, 0 errors, 0 left on base; Arkansas 0 - Mississippi State 10 |
BOTTOM OF THE 7TH |
Mississippi State Bulldogs batting - Pitching for Arkansas Razorbacks : RHP Pablo Villarreal
|
Batting: RHB Bryan Weber
|
0-0: Ball 1-0: Called Strike 1-1: Ball 2-1: Ball 3-1: Fly out, F9 (Flyball, 9LM)
|
Batting: RHB Louis-Joseph Perrier
|
0-0: SOLO HOME RUN (Flyball, 9LD), Distance : 319 ft
|
Batting: RHB Cory Douglas
|
0-0: Called Strike 0-1: Foul Ball, location: 2F 0-2: SOLO HOME RUN (Flyball, 7LD), Distance : 327 ft
|
Pinch Hitting: RHB Will Fields
|
0-0: Ball 1-0: Called Strike 1-1: Foul Ball, location: 2F 1-2: Ball 2-2: Foul Ball, location: 2F 2-2: SINGLE (Flyball, 3D)
|
Pitching: RHP Ron Meany
|
|
Batting: SHB Jessie Teague
|
0-0: SINGLE (Line Drive, 89S) Will Fields to second
|
Batting: RHB Jason Heddon
|
0-0: Called Strike 0-1: Ball 1-1: Ball 2-1: Fly out, F7 (Line Drive, 7D) Runner from 2nd tags up, SAFE at 3rd, no throw
|
Batting: LHB Joey Clark
|
0-0: Ball 1-0: Called Strike 1-1: Fielders Choice at 2nd, 6-4 (Groundball, 6)
|
Bottom of the 7th over - 2 runs, 4 hits, 0 errors, 2 left on base; Arkansas 0 - Mississippi State 12 |
TOP OF THE 8TH |
Arkansas Razorbacks batting - Pitching for Mississippi State Bulldogs : LHP Leonard Scott
|
Now at 2B: John O'Brien
|
|
Batting: RHB Floyd Norman
|
0-0: Ball 1-0: Called Strike 1-1: Fly out, F8 (Flyball, 8RS)
|
Batting: RHB Luis Manuel Chacón
|
0-0: Ball 1-0: Ball 2-0: Called Strike 2-1: Foul Ball, location: 2F 2-2: Foul Ball, location: 2F 2-2: Foul Ball, location: 2F 2-2: Strikes out swinging
|
Batting: SHB Curt Kemp
|
0-0: SINGLE (Groundball, 4MD)
|
Batting: RHB Peter Harris
|
0-0: Ball 1-0: Called Strike 1-1: Swinging Strike 1-2: Strikes out looking
|
Top of the 8th over - 0 runs, 1 hit, 0 errors, 1 left on base; Arkansas 0 - Mississippi State 12 |
BOTTOM OF THE 8TH |
Mississippi State Bulldogs batting - Pitching for Arkansas Razorbacks : RHP Ron Meany
|
Batting: LHB Juan Branch
|
0-0: Ball 1-0: Ball 2-0: Ball 3-0: Called Strike 3-1: Foul Ball, location: 2F 3-2: SINGLE (Groundball, 6D)
|
Batting: RHB Andrew Barker
|
0-0: Called Strike 0-1: Ball 1-1: Fly out, F7 (Flyball, 7D)
|
Batting: RHB Bryan Weber
|
0-0: Called Strike 0-1: Called Strike 0-2: Foul Ball, location: 2F 0-2: Foul Ball, location: 2F 0-2: Strikes out swinging
|
Batting: RHB Louis-Joseph Perrier
|
0-0: SINGLE (Groundball, 56D) Juan Branch to second
|
Batting: RHB Cory Douglas
|
0-0: Ball 1-0: Ball Wild Pitch! Juan Branch to third Louis-Joseph Perrier to second 2-0: Swinging Strike 2-1: Swinging Strike 2-2: Foul Ball, location: 2F 2-2: Foul Ball, location: 2F 2-2: Ball 3-2: Foul Ball, location: 2F 3-2: Base on Balls
|
Batting: RHB John O'Brien
|
0-0: Ball 1-0: Fly out, F4 (Popup, 4S)
|
Bottom of the 8th over - 0 runs, 2 hits, 0 errors, 3 left on base; Arkansas 0 - Mississippi State 12 |
TOP OF THE 9TH |
Arkansas Razorbacks batting - Pitching for Mississippi State Bulldogs : LHP Leonard Scott
|
Batting: RHB Stuart Mitchell
|
0-0: Foul Ball, location: 2F 0-1: Swinging Strike 0-2: Ground out 4-3 (Groundball, 4)
|
Batting: LHB Juan Fernández
|
0-0: Ball 1-0: Ball 2-0: SINGLE (Flyball, 7S)
|
Batting: SHB Bryan Gray
|
0-0: Swinging Strike 0-1: Fly out, F8 (Flyball, 8LD)
|
Batting: RHB Craig Hicks
|
0-0: Ball 1-0: Foul Ball, location: 2F Balk! Juan Fernández to second 1-1: 2-RUN HOME RUN (Flyball, 78XD), Distance : 375 ft
|
Batting: RHB Danny Walker
|
0-0: SINGLE (Flyball, 7S)
|
Batting: RHB Floyd Norman
|
0-0: Called Strike 0-1: 2-RUN HOME RUN (Line Drive, 7D), Distance : 351 ft
|
Batting: RHB Luis Manuel Chacón
|
0-0: Ball 1-0: Ball 2-0: Ball 3-0: Base on Balls
|
Batting: SHB Curt Kemp
|
0-0: SINGLE (Line Drive, 4M) Luis Manuel Chacón to second
|
Batting: RHB Peter Harris
|
0-0: Called Strike 0-1: Ball 1-1: Ball 2-1: Ball 3-1: Called Strike 3-2: Foul Ball, location: 2F 3-2: Fly out, F7 (Line Drive, 7)
|
Top of the 9th over - 4 runs, 5 hits, 0 errors, 2 left on base; Arkansas 4 - Mississippi State 12 |
|